 Dungeon Crawl Stone Soup version 0.30-a0-165-g1891117ce2 (webtiles) character file.

Game seed: 2366674001348816826

944 qw the Chopper (level 8, -4/49 HPs)
             Began as a Gargoyle Fighter on Sept 28, 2022.
             Constricted to death by Ijyb (6 damage)
             ... on level 5 of the Dungeon.
             The game lasted 00:01:33 (4551 turns).

qw the Chopper (Gargoyle Fighter)                   Turns: 4551, Time: 00:01:33

Health: -4/49      AC: 21    Str: 22    XL:     8   Next: 12%
Magic:  8/8        EV:  3    Int:  9    God:
Gold:   225        SH:  4    Dex:  9    Spells: 7/7 levels left

rFire   . . .      SeeInvis .    Y - +0 war axe
rCold   . . .      Faith    .    c - +0 buckler
rNeg    + + .      Spirit   .    k - +1 plate armour
rPois   inf        Reflect  .    g - +2 helmet
rElec   +          Harm     .    (no cloak)
rCorr   .          Rampage  .    (no gloves)
Will    .....                    (no boots)
Stlth   ..........               e - amulet "Ussuujoke" {Acrobat rN+}
HPRegen 0.16/turn                (no ring)
MPRegen 0.11/turn                (no ring)

@: grasped by roots, constricted
A: sickness immunity, AC +5, negative energy resistance 1, electricity
resistance, torment resistance 1, petrification resistance
a: no special abilities


You were on level 5 of the Dungeon.
You visited 1 branch of the dungeon, and saw 5 of its levels.

You collected 225 gold pieces.


Innate Abilities, Weirdness & Mutations

You are immune to sickness and miasma.
Your stone body is resilient. (AC +5)
You are immune to poison.
You resist negative energy. (rN+)
You are resistant to electric shocks. (rElec)
You are resistant to unholy torment.
You are immune to petrification.


   Skills:
 - Level 5.1 Fighting
 + Level 7.3 Axes
 - Level 4.0 Armour
 - Level 1.2 Dodging
 - Level 3.2 Shields


You had 7 spell levels left.
You didn't know any spells.
Your spell library was empty.

Inventory:

Hand Weapons
 j - a +0 whip
 Y - a +0 war axe (weapon)
Armour
 c - a +0 buckler (worn)
 g - a +2 helmet (worn)
 k - a +1 plate armour (worn)
Jewellery
 e - the amulet "Ussuujoke" (around neck) {Acrobat rN+}
   (You found it on level 2 of the Dungeon)

   [amulet of the acrobat]

   It increases your evasion while moving and waiting.
   rN:        It protects you from negative energy.
Scrolls
 a - 4 scrolls of identify
 b - a scroll of poison {unknown}
 h - a scroll of noise {unknown}
Potions
 d - a potion of might
 f - a potion of mutation
 i - a potion of curing

Dungeon Overview and Level Annotations

Branches:
Dungeon (5/15)
 Temple: D:4-7

Altars:
Dithmenos
Sif Muna

Annotations:
D:5 Ijyb


Message History

The scorpion stings you but does no damage.
You slash the scorpion!
You kill the scorpion!
The orc priest hits you but does no damage.
You slash the orc priest!
The orc priest is severely wounded.
The orc priest hits you with a +0 flail.
You hit the orc priest.
You kill the orc priest!
You hit Ijyb but do no damage. Ijyb barely misses you.
You hit Ijyb but do no damage.
Ijyb zaps a wand.
The roots erupt in riotous growth!
The grasping roots grab you!
Ijyb is unaffected.
The grasping roots constrict you.
You slash Ijyb!
Ijyb is heavily wounded.
Ijyb hits you with a +0 dagger. The grasping roots constrict you.
The grasping roots release their grip on you.
You closely miss Ijyb.
Ijyb is heavily wounded.
Ijyb barely misses you. Ijyb hits you with a +0 dagger.
You hit Ijyb but do no damage.
Ijyb is heavily wounded.
Ijyb hits you but does no damage.
You closely miss Ijyb.
Ijyb is heavily wounded.
Ijyb hits you but does no damage.
You barely miss Ijyb.
Ijyb is heavily wounded.
Ijyb completely misses you.
You slash Ijyb!
Ijyb is almost dead.
Ijyb zaps a wand.
The roots erupt in riotous growth!
The grasping roots grab you!
Ijyb is unaffected.
The grasping roots constrict you.
You barely miss Ijyb.
Ijyb is almost dead.
Ijyb hits you with a +0 dagger. The grasping roots constrict you.
You die...

#..............##.#
##
#################.#
.########### #.#
......<....# ###
##########.# #.###
#...####
###....####
####.@g{#
####...... .....
.... ... .. .


You could see Ijyb.

Vanquished Creatures
  A water moccasin (D:5)
  A black bear (D:5)
  An ogre (D:5)
  Blork the orc (D:5)
  A scorpion (D:5)
  A necrophage (D:4)
  2 hounds
  2 jellies (D:5)
  2 orc priests (D:5)
  Jessica (D:3)
  3 iguanas
  Robin (D:4)
  7 adders
  4 worms
  2 dart slugs
  12 orcs
  7 ball pythons
  3 bats (D:2)
  5 endoplasms
  4 giant cockroaches
  11 goblins
  12 hobgoblins
  4 kobolds
  2 frilled lizards (D:1)
  3 rats
93 creatures vanquished.

Notes
Turn   | Place    | Note
-------+----------+-------------------------------------------
     0 | D:1      | qw the Gargoyle Fighter began the quest for the Orb.
     0 | D:1      | Reached XP level 1. HP: 14/14 MP: 1/1
     0 | D:1      | 0 ||| qw: Version: 0.2-a-12-gaebbb33
     0 | D:1      | 0 ||| qw: Game counter: 803
     0 | D:1      | 0 ||| qw: Always use a shield: true
     0 | D:1      | 0 ||| qw: God list: Okawaru
     0 | D:1      | 0 ||| qw: Allow faded altars: false
     0 | D:1      | 0 ||| qw: Do Orc after D:15 true
     0 | D:1      | 0 ||| qw: Do second Lair branch before Depths: true
     0 | D:1      | 0 ||| qw: Lair rune preference: random
     0 | D:1      | 0 ||| qw: Plans: Normal, Zot:1-4, God:TSO, Crypt, Tomb,
                  | Pan, Slime:5, Hells, Abyss, Orb
     0 | D:1      | 0 ||| PLANNING D:1-11
    94 | D:1      | Reached skill level 2 in Axes
   280 | D:1      | Reached XP level 2. HP: 19/19 MP: 2/2
   315 | D:1      | 315 ||| Stepping ~*~*~tactically~*~*~ (stealth).
   384 | D:1      | 384 ||| DROPPING +0 club.
   495 | D:1      | Found a faded altar of an unknown god.
   892 | D:1      | 892 ||| READING 3 scrolls labelled UGEFUR QATUO.
   893 | D:1      | 893 ||| READING scroll labelled WANUYD HUERU.
   894 | D:1      | 894 ||| READING scroll labelled ZIWIDU BAYCVI.
   895 | D:1      | 895 ||| READING scroll labelled NOILEFFE ABAXUX.
   899 | D:1      | 899 ||| READING 2 scrolls of identify.
   899 | D:1      | 899 ||| IDENTIFYING fuming purple potion
   956 | D:2      | 956 ||| Stepping ~*~*~tactically~*~*~ (stealth).
   966 | D:2      | Identified the amulet "Ussuujoke" {Acrobat rN+}
   993 | D:2      | 993 ||| Stepping ~*~*~tactically~*~*~ (stealth).
  1006 | D:2      | Reached skill level 3 in Axes
  1077 | D:2      | 1077 ||| Stepping ~*~*~tactically~*~*~ (stealth).
  1282 | D:2      | Reached XP level 3. HP: 23/23 MP: 3/3
  1483 | D:2      | 1483 ||| UPGRADING to amulet "Ussuujoke" {Acrobat rN+}.
  1488 | D:2      | 1488 ||| READING scroll labelled PUVUOLLE WUMMA.
  1489 | D:2      | 1489 ||| READING 3 scrolls of identify.
  1489 | D:2      | 1489 ||| IDENTIFYING metallic golden potion
  1529 | D:3      | 1529 ||| Stepping ~*~*~tactically~*~*~ (stealth).
  1659 | D:3      | Reached XP level 4. HP: 28/28 MP: 4/4
  1947 | D:3      | Reached skill level 4 in Axes
  2008 | D:3      | Found a shadowy altar of Dithmenos.
  2044 | D:3      | Noticed Jessica
  2046 | D:3      | Killed Jessica
  2277 | D:3      | 2277 ||| READING scroll labelled GIUNUO XANKEYNOGOU.
  2378 | D:3      | 2378 ||| READING 2 scrolls of identify.
  2378 | D:3      | 2378 ||| IDENTIFYING green potion
  2379 | D:3      | 2379 ||| DROPPING potion of berserk rage.
  2574 | D:4      | Reached XP level 5. HP: 32/32 MP: 5/5
  2629 | D:4      | 2629 ||| Stepping ~*~*~tactically~*~*~ (stealth).
  2630 | D:4      | 2630 ||| Stepping ~*~*~tactically~*~*~ (stealth).
  2633 | D:4      | 2633 ||| Stepping ~*~*~tactically~*~*~ (stealth).
  2640 | D:4      | 2640 ||| Stepping ~*~*~tactically~*~*~ (stealth).
  2651 | D:4      | Reached skill level 5 in Axes
  2816 | D:4      | 2816 ||| Stepping ~*~*~tactically~*~*~ (hiding).
  2961 | D:4      | 2961 ||| Stepping ~*~*~tactically~*~*~ (stealth).
  2978 | D:4      | 2978 ||| FLEEEEING.
  2987 | D:4      | Reached XP level 6. HP: 26/39 MP: 6/6
  3014 | D:4      | Noticed Robin
  3026 | D:4      | Killed Robin
  3377 | D:4      | 3377 ||| UPGRADING to +2 helmet.
  3382 | D:4      | 3382 ||| READING scroll labelled VAJAQO RAET.
  3383 | D:4      | 3383 ||| DRINKING 2 sedimented clear potions.
  3384 | D:4      | 3384 ||| DRINKING 2 fuming white potions.
  3385 | D:4      | 3385 ||| DROPPING potion of flight.
  3386 | D:4      | 3386 ||| DROPPING potion of brilliance.
  3406 | D:5      | Entered Level 5 of the Dungeon
  3449 | D:5      | Reached skill level 1 in Dodging
  3484 | D:5      | 3484 ||| Stepping ~*~*~tactically~*~*~ (hiding).
  3525 | D:5      | Noticed a black bear
  3536 | D:5      | Killed a black bear
  3578 | D:5      | Noticed Blork the orc
  3579 | D:5      | 3579 ||| FLEEEEING.
  3585 | D:5      | 3585 ||| STAIRDANCE
  3625 | D:4      | 3625 ||| UPGRADING to +0 plate armour.
  3635 | D:4      | 3635 ||| DROPPING +0 scale mail.
  3636 | D:4      | 3636 ||| READING scroll of enchant armour.
  3636 | D:4      | 3636 ||| ENCHANTING +0 plate armour.
  3637 | D:4      | 3637 ||| DROPPING +6 ring of intelligence.
  3661 | D:5      | Found a shimmering blue altar of Sif Muna.
  3682 | D:5      | 3682 ||| Stepping ~*~*~tactically~*~*~ (hiding).
  3684 | D:5      | 3684 ||| Stepping ~*~*~tactically~*~*~ (hiding).
  3695 | D:5      | Killed Blork the orc
  3696 | D:5      | Reached skill level 6 in Axes
  3696 | D:5      | Reached XP level 7. HP: 39/44 MP: 7/7
  3765 | D:5      | 3765 ||| Stepping ~*~*~tactically~*~*~ (stealth).
  3771 | D:5      | 3771 ||| Stepping ~*~*~tactically~*~*~ (stealth).
  3885 | D:5      | 3885 ||| FLEEEEING.
  3886 | D:5      | 3886 ||| FLEEEEING.
  3889 | D:5      | 3889 ||| Stepping ~*~*~tactically~*~*~ (hiding).
  3909 | D:5      | HP: 11/44 [orc priest/+0 club (5)]
  3910 | D:5      | 3910 ||| READING scroll of teleportation.
  4176 | D:5      | 4176 ||| Stepping ~*~*~tactically~*~*~ (stealth).
  4177 | D:5      | 4177 ||| Stepping ~*~*~tactically~*~*~ (stealth).
  4179 | D:5      | 4179 ||| Stepping ~*~*~tactically~*~*~ (stealth).
  4516 | D:5      | Noticed Ijyb
  4521 | D:5      | Reached skill level 7 in Axes
  4528 | D:5      | Reached XP level 8. HP: 16/49 MP: 8/8
  4541 | D:5      | HP: 12/49 [orc priest/+0 flail (2)]
  4546 | D:5      | HP: 5/49 [Ijyb/+0 dagger (3)]
  4551 | D:5      | HP: 2/49 [Ijyb/+0 dagger (4)]
  4551 | D:5      | Constricted to death by Ijyb

Levels and vault maps discovered:
D:1:      dpeg_arrival_signposts, layout_basic,
          shapermc_ecumenical_altar_pompeii, patterned_corridor
D:2:      layout_basic
D:3:      layout_loops_ring, nicolae_dithmenos_shadow_blocks,
          chequers_serial_rivers_small_a, grunt_decor_fettered, uniq_jessica
D:4:      layout_gridville, serial_rivers, chequers_serial_rivers_micro_d,
          chequers_serial_rivers_micro_c, chequers_serial_rivers_small_3,
          chequers_serial_rivers_micro_e, uniq_robin
D:5:      layout_rooms, led_sif_pool, kennysheep_generic_room_16,
          uniq_blork_the_orc, uniq_ijyb

Skill      XL: |  1  2  3  4  5  6  7 |
---------------+----------------------+-----
Axes           | 2 3 4 5 6 7 |  7.3
Fighting       | 4 5 |  5.1
Dodging        | 1 |  1.2
Armour         | 4 |  4.0
Shields        | |  3.2

Action                   |  1- 3 |  4- 6 |  7- 9 || total
-------------------------+-------+-------+-------++-------
Melee: War axe           |    96 |   120 |    90 ||   306
Throw: Boomerang         |       |    13 |       ||    13
  Use: Scroll            |     7 |     4 |     1 ||    12
       Potion            |       |     2 |       ||     2
Armor: Scale mail        |    46 |    56 |       ||   102
       Plate armour      |       |    11 |    63 ||    74
Dodge: Dodged            |    39 |    44 |    29 ||   112
Block: Buckler           |    13 |    17 |    17 ||    47

Table legend:
 A = Non-vault XP
 B = Vault XP
 C = Vault XP percentage of total XP
 D = Non-vault monster count
 E = Vault monster count
 F = Vault count percentage of total count
                 A         B        C        D         E       F
            +---------+---------+-------+---------+---------+-------
      Total |    1036 |     313 |  23.2 |      79 |      14 |  15.1
            +---------+---------+-------+---------+---------+-------
        D:1 |      25 |       0 |   0.0 |      15 |       0 |   0.0
        D:2 |      26 |       0 |   0.0 |      12 |       0 |   0.0
        D:3 |      54 |      37 |  40.7 |      17 |       1 |   5.6
        D:4 |     235 |      34 |  12.6 |      15 |      11 |  42.3
        D:5 |     696 |     242 |  25.8 |      20 |       2 |   9.1
            +---------+---------+-------+---------+---------+-------
